 Dungeon Crawl Stone Soup version 0.20.1-1-g8b1a95d (webtiles) character file.

304 Nidhoragg the Chopper (level 6, 0/79 HPs)
             Began as a Hill Orc Fighter on Sept 12, 2017.
             Slain by Blork the orc
             ... wielding a +0 dire flail
              (3 damage)
             ... on level 4 of the Dungeon.
             The game lasted 00:10:36 (1889 turns).

Nidhoragg the Chopper (Hill Orc Fighter)            Turns: 1889, Time: 00:10:37

Health: 0/79       AC: 23    Str: 19 (21) XL:     6   Next: 38%
Magic:  6/6        EV:  2    Int:  5 (8)  God:
Gold:   156        SH:  9    Dex:  8 (10) Spells: 5/5 levels left

rFire    . . .     SeeInvis .   a - +1 war axe
rCold    . . .     Gourm    .   c - +0 shield
rNeg     + + +     Faith    .   (armour currently unavailable)
rPois    +         Spirit   .   (helmet currently unavailable)
rElec    .         Reflect  .   (cloak currently unavailable)
rCorr    .         Harm     .   (gloves currently unavailable)
MR       .....     NoTele   +   (boots currently unavailable)
Stlth    +.........             (no amulet)
Regen    0.3/turn               (no ring)
MPRegen  0.1/turn               (no ring)

@: tree-form, berserk cooldown, slowed, very slow
A: no striking features
a: no special abilities


You were on level 4 of the Dungeon.
You were not hungry.
You were a tree.
You visited 1 branch of the dungeon, and saw 4 of its levels.

You collected 156 gold pieces.

Inventory:

Hand Weapons
 a - a +1 war axe (weapon)
Armour
 b - a +0 scale mail
 c - a +0 shield (worn)
 j - a +5 ring mail of magic resistance (melded)
Jewellery
 g - an uncursed amulet of guardian spirit {unknown}
 m - an uncursed ring of resist corrosion {unknown}
Scrolls
 k - 4 scrolls of recharging
Potions
 d - 3 potions of might
 e - a potion of berserk rage
 h - a potion of degeneration
 q - a potion of mutation {unknown}
 r - a potion of haste
Comestibles
 f - a bread ration
 l - 2 royal jellies
 o - a chunk of flesh
 p - a meat ration


   Skills:
 + Level 4.7 Fighting
 + Level 5.6 Axes
 + Level 4.4 Armour
 + Level 1.0 Dodging
 + Level 4.4 Shields


You had 5 spell levels left.
You didn't know any spells.

Dungeon Overview and Level Annotations

Branches:
Dungeon (4/15)
 Temple: D:4-7

Altars:
Dithmenos
Gozag
Hepliaklqana
Qazlal
Ru
Uskayaw

Shops:
D:4 [

Annotations:
D:4 Blork the orc


Message History

You slash something! Something hits you.
* * * LOW HITPOINT WARNING * * *
You hear some strange, mumbled words.
A magic dart appears from out of thin air!
The magic dart hits you! Something hits you but does no damage.
You barely miss something. Something hits you but does no damage.
You block something's attack.
You slash something! Something hits you but does no damage.
You block something's attack.
You hear some strange, mumbled words.
A puff of flame appears from out of thin air!
You block the puff of flame.
You completely miss something.
Something hits you but does no damage. x2
You hear some strange, mumbled words.
A puff of frost appears from out of thin air!
The puff of frost hits you!
You miss something. Something hits you.
* * * LOW HITPOINT WARNING * * *
Something hits you.
You die...

###...# #.....#
##.# #####+#.<#
#........#
#........#
#........#+##
#...........#######
#....%........){♣.#
#.....∩...##.####.#
#####.#..##$?.# .#
#.#.##.....# .#
#.#.#.......#.#
#.#....._.....#
..#.......###
..##.....##


There were no monsters in sight!

Vanquished Creatures
  A scorpion (D:4)
  Ijyb (D:4)
  5 adders
  3 worms
  A leopard gecko (D:3)
  An orc (D:3)
  2 bats (D:3)
  2 giant cockroaches
  A goblin (D:1)
  3 hobgoblins
  4 kobolds
  A quokka (D:2)
  4 frilled lizards
  6 rats
35 creatures vanquished.

Vanquished Creatures (others)
  Sigmund (D:4)
1 creature vanquished.

Grand Total: 36 creatures vanquished

Notes
Turn   | Place    | Note
-------+----------+-------------------------------------------
     0 | D:1      | Nidhoragg the Hill Orc Fighter began the quest for the Orb.
     0 | D:1      | Reached XP level 1. HP: 19/19 MP: 1/1
   219 | D:1      | Reached XP level 2. HP: 27/27 MP: 2/2
   404 | D:2      | Found a hazy altar of Hepliaklqana.
   407 | D:2      | Found a hide-covered altar of Uskayaw.
   408 | D:2      | Found an opulent altar of Gozag.
   409 | D:2      | Found a sacrificial altar of Ru.
   409 | D:2      | Found a shadowy altar of Dithmenos.
   440 | D:2      | Reached skill level 3 in Axes
   526 | D:2      | Reached XP level 3. HP: 26/33 MP: 3/3
  1069 | D:2      | Reached XP level 4. HP: 41/41 MP: 4/4
  1266 | D:3      | Reached skill level 4 in Axes
  1847 | D:4      | Found Tavievit's Armour Emporium.
  1847 | D:4      | Noticed Sigmund
  1848 | D:4      | Noticed Blork the orc
  1856 | D:4      | Found a stormy altar of Qazlal.
  1856 | D:4      | Noticed Ijyb
  1863 | D:4      | Reached XP level 5. HP: 33/47 MP: 5/5
  1873 | D:4      | Killed Ijyb
  1880 | D:4      | Killed Sigmund
  1880 | D:4      | Reached skill level 5 in Axes
  1880 | D:4      | Reached skill level 1 in Dodging
  1880 | D:4      | Reached XP level 6. HP: 5/53 MP: 6/6
  1882 | D:4      | HP: 2/53 [something (3)]
  1889 | D:4      | HP: 3/79 [something (1)]
  1889 | D:4      | Slain by Blork the orc

Skill      XL: |  1  2  3  4  5 |
---------------+----------------+-----
Fighting       | 4 |  4.7
Axes           | 3 4 5 |  5.6
Shields        | 4 |  4.4
Armour         | 4 |  4.4
Dodging        | 1 |  1.0

Action                   |  1- 3 |  4- 6 || total
-------------------------+-------+-------++-------
Melee: War axe           |    84 |    84 ||   168
  Use: Scroll            |     8 |     3 ||    11
       Potion            |       |     4 ||     4
  Eat: Chunk             |       |     3 ||     3
Armor: Scale mail        |    16 |       ||    16
       Ring mail         |    16 |    37 ||    53
       Skin              |       |     9 ||     9
Dodge: Dodged            |    22 |    26 ||    48
Block: Shield            |    42 |    46 ||    88
